Cogmind - Beta 14 @@@ ROGUE MODE // 2024.10.05 @ 01:59:14 Player: THN-L0C Result: Destroyed by Armor Guard with Helical Railgun Performance ------------- Evolutions (7) 3500 Regions Visited (23) 4600 Robots Destroyed (123) 615 Value Destroyed (5618) 5618 Prototype IDs (66) 1320 Alien Tech Used (0) 0 Bonus (9207) 9207 TOTAL SCORE: 24860 Bonus ------- Triggered High Security 500 High Alert Combat Kills 807 Follower Combat Kills 4726 Awakened Behemoth Slayer 1000 Network Hubs Disabled 200 Registered with UFD 300 Destroyed Z-Imprinter 1000 Met Warlord at Base 500 MAIN.C Attacked Warlord 500 Met R17 at Cetus 500 Met R17 at Research 2000 Friendly Fire -2826 Cogmind --------- Core Integrity 0/1300 Matter 34/300 Energy 100/100 System Corruption 7% Temperature Cool (90) Movement Core (50) Location -3/Armory Parts ------- > --- POWER (2) -------- (None) > --- PROPULSION (4) --- (None) > --- UTILITY (12) ----- (None) > --- WEAPON (3) ------- (None) > --- INVENTORY (5) ---- Vortex Chain Reactor Spectral Analyzer EMDS Peak State ------------ > --- POWER ------------ Light Particle Reactor Quantum Reactor > --- PROPULSION ------- Centrium Heavy Treads Centrium Heavy Treads > --- UTILITY ---------- Huge Storage Unit Experimental Terrain Scanner Experimental Core Analyzer Advanced Transmission Jammer Advanced Cloaking Device Makeshift Utility Shielding Experimental Focal Shield Advanced Force Field Improved Hacking Suite Improved System Shield Ghost Barrier A0-MCA's Component Scanner > --- WEAPON ----------- Helical Railgun Helical Railgun CR-A16's Behemoth Slayer > --- INVENTORY -------- Vortex Chain Reactor Advanced Cryofiber Web Experimental Heat Sink Advanced Cooling System Huge Storage Unit Advanced Gravity Neutralizer Spectral Analyzer Advanced Sensor Array Surveybot 17 Chip Experimental Targeting Computer Layered Medium Armor Plating Layered Medium Armor Plating Layered Medium Armor Plating Experimental EM Disruption Field Hacking Drone Bay Amulet of Y3-NDR Advanced Variable Charge Gun Quantum Rifle Heavy Dispersion Rifle EMDS Heavy Neutron Cannon Advanced KE Penetrator Helical Railgun [Rating: 183] Favorites ----------- Power Zionite Light DM Reactor Engine Light Angular Momentum Engine Power Core Nuclear Core Reactor Zionite Light DM Reactor Propulsion Armored Wheel Treads Centrium Heavy Treads Wheel Armored Wheel Hover Unit Antigrav System Flight Unit Cesium-ion Thruster Utility Huge Storage Unit Device Scrap Suit Storage Huge Storage Unit Processor A0-MCA's Component Scanner Hackware Improved Hacking Suite Protection Enhanced Scrap Shield Weapon Zionite Phaser-S Energy Gun Zionite Phaser-S Ballistic Gun Gauss Rifle Launcher Rocket Launcher Special Weapon CPS Tube Impact Weapon Mace Slashing Weapon Makeshift Sword Piercing Weapon CR-A16's Behemoth Slayer Build | -11 -10 -10 -10 -8 -8 -6 -6 -6 -6 -6 -5 -5 -5 -5 -5 -4 -4 -4 -4 -4 -4 -3 -3 ------- Run | Yrd Mat Min Sub Rec Scr Fac Low Low Zio Dee Pro Fac Upp Upp War Pro Fac Ext Cet Arc Hub Res Arm Slots Evolved 14 | . . . . . . 8 . . . . . 2 . . . . 2 . . . . 2 . Power 1 | . . . . . . 1 . . . . . . . . . . . . . . . . . Propulsion 2 | . . . . . . 1 . . . . . 1 . . . . . . . . . . . Utility 10 | . . . . . . 6 . . . . . 1 . . . . 2 . . . . 1 . Weapon 1 | . . . . . . . . . . . . . . . . . . . . . . 1 . Parts Attached 366 | 7 8 2 17 4 44 17 6 27 14 49 34 4 10 11 11 27 10 15 8 6 11 12 12 Power 29 | 1 . 1 . . 4 3 1 2 1 4 1 . . 1 . 1 . 4 2 . . 2 1 Engine 7 | 1 . . . . 2 2 1 1 . . . . . . . . . . . . . . . Core 7 | . . 1 . . 2 1 . 1 1 . . . . . . . . 1 . . . . . Reactor 15 | . . . . . . . . . . 4 1 . . 1 . 1 . 3 2 . . 2 1 Propulsion 36 | 2 3 . 1 . 15 1 . 7 1 2 . 1 . 1 . . . . 2 . . . . Treads 6 | 2 . . . . . . . 1 . 1 . . . . . . . . 2 . . . . Leg . | . . . . . . . . . . . . . . . . . . . . . . . . Wheel 16 | . 3 . 1 . 5 1 . 3 1 . . 1 . 1 . . . . . . . . . Hover 9 | . . . . . 5 . . 3 . 1 . . . . . . . . . . . . . Flight 5 | . . . . . 5 . . . . . . . . . . . . . . . . . . Utility 205 | 2 3 . 10 1 11 7 1 8 8 26 24 2 8 7 8 24 10 10 3 6 10 8 8 Device 159 | 1 . . 10 1 5 5 1 5 5 19 22 2 8 7 7 22 8 8 2 5 7 4 5 Storage 7 | 1 3 . . . 2 . . . . 1 . . . . . . . . . . . . . Processor 5 | . . . . . . . . . . . 1 . . . 1 . . . 1 . . . 2 Hackware 3 | . . . . . . . . . . . . . . . . . . . . . . 3 . Protection 31 | . . . . . 4 2 . 3 3 6 1 . . . . 2 2 2 . 1 3 1 1 Artifact . | . . . . . . . . . . . . . . . . . . . . . . . . Weapon 96 | 2 2 1 6 3 14 6 4 10 4 17 9 1 2 2 3 2 . 1 1 . 1 2 3 Energy Gun 29 | 2 . 1 2 1 1 3 . . . 7 4 1 1 1 2 1 . 1 . . . 1 . Energy Cannon . | . . . . . . . . . . . . . . . . . . . . . . . . Ballistic Gun 27 | . . . 1 . 5 2 2 4 1 6 1 . . . . . . . 1 . 1 . 3 Ballistic Cannon . | . . . . . . . . . . . . . . . . . . . . . . . . Launcher 11 | . 1 . 2 . 1 . 1 1 1 2 1 . . . 1 . . . . . . . . Special Weapon 9 | . . . . . 4 . . 2 . 1 . . 1 1 . . . . . . . . . Impact Weapon 12 | . 1 . 1 2 3 1 1 3 . . . . . . . . . . . . . . . Slashing Weapon 1 | . . . . . . . . . 1 . . . . . . . . . . . . . . Piercing Weapon 7 | . . . . . . . . . 1 1 3 . . . . 1 . . . . . 1 . Special Melee Weapon . | . . . . . . . . . . . . . . . . . . . . . . . . Unidentified Prototypes 13 | . . . 1 . . . . 2 1 9 . . . . . . . . . . . . . Corrupted Parts 2 | . . . . . 1 . . . . . . . . . . 1 . . . . . . . System Corruption 4 | . . . . . 2 . . . . . . . . . . 2 . . . . . . . Parts Lost 29 | . 2 1 1 . . 2 . . . . . 1 . . . 1 . 3 1 1 2 3 11 Power 7 | . . . . . . 1 . . . . . . . . . 1 . 1 . . . 2 2 Propulsion 3 | . . . 1 . . . . . . . . . . . . . . . . . . . 2 Utility 10 | . . . . . . 1 . . . . . . . . . . . 1 . 1 1 1 5 Weapon 9 | . 2 1 . . . . . . . . . 1 . . . . . 1 1 . 1 . 2 Highest Loss Streak 9 | . 1 1 1 . . 1 . . . . . 1 . . . 1 . 1 1 1 1 2 9 To Critical Strikes 1 | . . . . . . . . . . . . . . . . . . 1 . . . . . Average Slot Usage (%) 88 | . 97 100 99 100 90 88 93 87 79 80 79 76 75 75 76 74 77 77 80 84 84 84 69 Engine 2 | . 14 2 . . 10 6 13 12 2 . . . . . . . . . . . . . . Core 5 | . . 11 14 14 3 5 . . 10 6 . . . . . . . 3 . . . . . Reactor 3 | . . . . . . . . . . 5 12 11 11 11 11 9 10 6 9 10 10 8 6 Treads 2 | . 2 . . . . . . 2 6 5 5 . . . . . . . 7 10 10 9 5 Wheel 16 | . 25 28 27 28 22 20 20 15 6 6 6 11 11 11 11 11 10 10 2 . . . . Device 18 | . 14 14 14 14 7 27 32 29 25 26 25 29 29 29 26 22 25 23 23 21 25 14 14 Storage 9 | . 14 14 14 14 11 6 6 6 6 6 6 5 5 5 5 5 5 5 5 5 5 4 3 Processor 1 | . . . . . . . . . . . . . . . 1 5 5 5 9 10 10 9 10 Protection 5 | . . . . . 8 7 6 5 6 5 5 5 5 5 5 5 10 12 10 14 10 8 5 Energy Gun 5 | . 11 11 8 . 3 10 . . . 1 8 5 4 4 8 10 10 9 5 5 3 . . Ballistic Gun 2 | . . . 1 . 1 1 12 9 5 5 . . . . . . . . 4 5 5 9 7 Launcher 2 | . 7 2 4 14 2 . . . 4 4 2 . . . 1 . . . . . . . . Impact Weapon 6 | . 7 14 13 13 11 1 . 2 . . . . . . . . . . . . . . . Peak Build Rating 183 | 7 12 16 21 20 29 60 61 86 90 101 104 113 120 122 127 128 137 137 165 166 169 178 183 Average Rating 67 | 5 10 14 19 19 21 53 60 73 87 93 99 112 118 120 118 122 134 133 156 164 161 173 138 On Entrance 87 | . 7 12 16 19 20 28 60 61 86 90 101 98 112 118 117 127 124 132 136 165 164 158 156 Naked Turns 166 | . . . . . 67 . . . . . . . . . . . . . . . . . 99 Heaviest Build 170 | 15 90 54 54 55 100 120 120 132 148 145 135 132 132 135 139 139 150 155 164 170 169 157 156 Greatest Support 160 | 40 40 24 24 24 40 32 32 33 20 20 20 40 40 40 40 40 40 40 160 160 160 160 160 Greatest Overweight (x) 51 | 1 3 2 4 2 4 3 3 10 7 7 6 3 3 3 3 3 3 3 8 1 1 . 51 Average Overweight (x) 2 | . 1 2 2 2 1 3 3 4 6 6 5 3 3 3 3 3 3 3 2 . . . . Largest Inventory Capacity 25 | 8 25 20 20 20 25 25 25 25 25 25 25 25 25 25 25 25 25 25 25 25 25 25 25 Average Capacity 21 | 7 18 20 20 20 17 25 25 25 25 25 25 25 25 25 25 25 25 25 25 25 25 25 21 Most Carried 25 | 2 9 10 20 20 25 25 25 25 25 25 25 23 25 25 25 25 23 25 25 25 25 25 25 Average Carried 20 | . 6 9 19 19 11 22 24 24 24 24 24 21 23 24 24 24 22 24 24 24 24 23 21 Final Capacity 25 | 8 20 20 20 20 25 25 25 25 25 25 25 25 25 25 25 25 25 25 25 25 25 25 5 Final Carried 25 | 2 8 10 19 20 25 25 25 25 25 25 25 21 25 25 25 24 23 24 25 25 25 25 5 Class Distribution -------------------- 62% | Mutant 15% | Scavenger-Mutant 7% | Commander-Scrapper 6% | Scavenger-Scrapper 3% | Scrapper Dominant Class ---------------- Mutant | -10/Materials Mutant | -10/Mines Mutant | -10/Subcaves Mutant | -8/Recycling Mutant | -8/Scraptown Derelict-Mutant | -6/Factory Mutant | -6/Lower Caves Mutant | -6/Lower Caves Mutant | -6/Zion Scavenger-Mutant | -6/Deep Caves Mutant | -5/Proximity Caves Scavenger-Scrapper | -5/Factory Commander-Scrapper | -5/Upper Caves Commander-Scrapper | -5/Upper Caves Commander-Scrapper | -5/Warlord Scrapper | -4/Proximity Caves Scavenger-Scrapper | -4/Factory Commander-Scrapper | -4/Extension Scavenger-Mutant | -4/Cetus Scavenger-Mutant | -4/Archives Scavenger-Mutant | -4/Hub_04(d) Scavenger-Mutant | -3/Research Hacker-Mutant | -3/Armory Resources | -11 -10 -10 -10 -8 -8 -6 -6 -6 -6 -6 -5 -5 -5 -5 -5 -4 -4 -4 -4 -4 -4 -3 -3 ----------- Run | Yrd Mat Min Sub Rec Scr Fac Low Low Zio Dee Pro Fac Upp Upp War Pro Fac Ext Cet Arc Hub Res Arm Matter Collected 6644 | 270 119 15 524 20 837 153 52 1450 110 761 481 35 60 150 100 250 39 236 150 110 159 425 138 Remotely . | . . . . . . . . . . . . . . . . . . . . . . . . Salvage Created 6409 | 135 515 . 200 142 313 204 62 384 50 251 382 . . . . 547 101 1442 318 226 181 441 515 Parts 360 | 12 41 . 17 5 39 5 4 11 1 6 38 . . . . 23 3 66 12 10 9 24 34 Haulers Intercepted 2 | . 2 . . . . . . . . . . . . . . . . . . . . . . Recyclers Shooed 2 | 1 1 . . . . . . . . . . . . . . . . . . . . . . Parts Field Recycled . | . . . . . . . . . . . . . . . . . . . . . . . . Retrieved Matter . | . . . . . . . . . . . . . . . . . . . . . . . . Parts Self-Destructed 107 | . . . 18 . 2 . 2 19 1 . 27 . 6 17 . 15 . . . . . . . Prevented 34 | . . . 1 . . . . 10 . . . . 6 9 . 8 . . . . . . . Kills | -11 -10 -10 -10 -8 -8 -6 -6 -6 -6 -6 -5 -5 -5 -5 -5 -4 -4 -4 -4 -4 -4 -3 -3 ------- Run | Yrd Mat Min Sub Rec Scr Fac Low Low Zio Dee Pro Fac Upp Upp War Pro Fac Ext Cet Arc Hub Res Arm Combat Hostiles Destroyed 97 | . 11 . 3 1 . 4 4 3 . 9 9 . . . . 6 1 19 5 2 3 10 7 Melee 3 | . . . . . . . . . . . . . . . . . . . . . . 3 . Guns 65 | . 5 . 2 1 . 2 1 2 . . 3 . . . . 5 1 19 5 2 3 7 7 AOE 23 | . 4 . 1 . . . 3 1 . 9 5 . . . . . . . . . . . . Classes Destroyed 25 | 2 7 . 4 . . . . 2 . 2 3 . . . . 2 . . . . . 2 1 Worker 2 | . 1 . . . . . . . . . . . . . . . 1 . . . . . . Builder 5 | . 5 . . . . . . . . . . . . . . . . . . . . . . Tunneler 2 | 2 . . . . . . . . . . . . . . . . . . . . . . . Hauler 2 | . 2 . . . . . . . . . . . . . . . . . . . . . . Recycler 3 | 1 . . . 1 . . . . . . . . . . . . . 1 . . . . . Minesweeper 2 | . . . . . . . . 1 . . 1 . . . . . . . . . . . . Operator 2 | . 1 . . . . . . . . . . . . . . . . . . 1 . . . Drone 1 | . . . . . . . . . . . . . . . . 1 . . . . . . . Watcher 3 | . 3 . . . . . . . . . . . . . . . . . . . . . . Swarmer 26 | . 6 . . . . . 4 . . . 5 . . . . . . 2 . . . 8 1 Grunt 18 | . 5 . . . . 3 . 1 . . . . . . . 1 1 6 . . . . 1 Brawler 1 | . . . . . . . . . . . . . . . . . . 1 . . . . . Duelist 1 | . . . . . . . . . . . . . . . . . . . . . . 1 . Sentry 14 | . . . 1 1 . 1 . . . . . . . . . . . 6 . 2 1 . 2 Demolisher 1 | . . . . . . . . . . . . . . . . . . . . . . 1 . Hunter 7 | . . . . . . . . . . . 3 . . . . 2 . 2 . . . . . Programmer 3 | . . . . . . . . . . . . . . . . 1 . . . . . . 2 Heavy 1 | . . . . . . . . . . . . . . . . . . . . . . . 1 Behemoth 2 | . . . . . . . . . . . 1 . . . . 1 . . . . . . . Cetus Guard 5 | . . . . . . . . . . . . . . . . . . . 5 . . . . Lightning 2 | . . . . . . . . . . . . . . . . . . . . . 2 . . Artisan 2 | . . . 2 . . . . . . . . . . . . . . . . . . . . Cobbler 1 | . . . 1 . . . . . . . . . . . . . . . . . . . . Subdweller 11 | . . . 2 . 9 . . . . . . . . . . . . . . . . . . Scrapoid 1 | . . . . . . . . . . . 1 . . . . . . . . . . . . Z-Technician 4 | . . . . . . . . . . 4 . . . . . . . . . . . . . Z-Light 3 | . . . . . . . . . . 3 . . . . . . . . . . . . . Assembled 5 | . . . . . . . . . . 5 . . . . . . . . . . . . . Thug 3 | . . . . . . . . 1 . . . . . . . . . 2 . . . . . Savage 1 | . . . . . . . . 1 . . . . . . . . . . . . . . . Best Kill Streak 7 | 3 6 . 1 1 . 3 4 1 . 4 5 . . . . 1 1 7 3 1 2 5 3 Combat Bots Only 6 | . 3 . 1 1 . 3 4 1 . 4 5 . . . . 1 1 6 3 1 2 5 3 Max Kills in Single Turn 4 | 1 3 . 1 1 1 1 2 1 . 4 3 . . . . 1 1 2 1 1 1 1 1 Gunslinging . | . . . . . . . . . . . . . . . . . . . . . . . . Exploded 3 | . 1 . 1 . . . 2 1 . 3 3 . . . . . . . . . . . . Melee 1 | . . . . . . . . . . . . . . . . . . . . . . 1 . Uniques/NPCs Destroyed 1 | . . . . . . . . . . 1 . . . . . . . . . . . . . Z-Imprinter (-6/Deep Caves) Combat | -11 -10 -10 -10 -8 -8 -6 -6 -6 -6 -6 -5 -5 -5 -5 -5 -4 -4 -4 -4 -4 -4 -3 -3 -------- Run | Yrd Mat Min Sub Rec Scr Fac Low Low Zio Dee Pro Fac Upp Upp War Pro Fac Ext Cet Arc Hub Res Arm Hostile Shots Fired 1470 | . 46 . 14 6 . 108 14 1 . 38 71 12 3 3 11 49 23 247 33 23 47 100 621 Missed 510 | . 11 . 3 2 . 24 4 1 . 10 13 2 . . 4 14 8 76 11 5 10 35 277 Damage Taken 13184 | . 348 49 261 58 . 828 154 12 . 713 1002 164 75 49 205 483 311 1980 351 309 1039 2105 2688 Core 2192 | . 48 . 31 28 . 67 . . . 65 135 . 25 13 30 . 50 265 15 . 117 155 1148 Absorbed by Shields 2111 | . . . . . . . . . . 150 131 57 27 5 19 . . 456 79 95 319 . 773 Reduced by Siege Mode 68 | . . . . . . . . . . . . . . . . . . . . 25 43 . . Redirected to Shielding 226 | . . . . . . . . . . . . . . . . . 1 176 5 2 9 9 24 Ignored by Resistances 2850 | . . . . . . . . . . 178 281 7 4 . . 143 45 953 200 92 14 215 718 Regen/Repaired (Parts) 838 | . 38 . . . . 10 12 20 716 17 14 . . 4 . . . 7 . . . . . Core Remaining (%) 75 | 100 . . . . 57 . . . . . 68 . . . . 93 . . . . 61 . . Volleys Fired 518 | 3 37 . 79 5 10 25 3 11 . 24 29 3 4 20 20 36 16 70 18 20 32 19 34 Largest 2 | 2 2 . 2 1 1 2 2 2 . 2 2 1 1 1 2 2 2 2 2 2 2 2 2 Hottest 285 | 80 80 . 78 50 50 143 56 56 . 225 120 60 60 60 285 120 120 120 120 98 98 94 76 Shots Fired 793 | 6 58 . 96 5 10 50 4 18 . 28 36 3 4 20 22 51 25 127 36 31 59 37 67 Gun 724 | 6 54 . 70 5 2 50 2 13 . 12 32 3 2 18 22 51 25 127 36 31 59 37 67 Cannon . | . . . . . . . . . . . . . . . . . . . . . . . . Launcher 53 | . 4 . 26 . . . 2 1 . 16 4 . . . . . . . . . . . . Special 16 | . . . . . 8 . . 4 . . . . 2 2 . . . . . . . . . Kinetic 230 | . . . 17 . . 22 2 13 . 4 . . . . . . . . 15 11 43 36 67 Thermal 38 | . . . 2 . . 28 . . . 5 . . . . 2 . . . . . . 1 . Explosive 53 | . 4 . 26 . . . 2 1 . 16 4 . . . . . . . . . . . . Electromagnetic 118 | 6 54 . 51 5 2 . . . . . . . . . . . . . . . . . . Phasic 338 | . . . . . . . . . . 3 32 3 2 18 20 51 25 127 21 20 16 . . Robot Hit Streak 19 | 1 6 . 7 4 9 14 16 8 . 4 7 6 9 10 1 16 8 19 5 6 8 3 10 Robot Miss Streak 7 | 2 4 . 2 1 1 1 . 3 . 3 2 . . 1 1 3 2 5 7 2 3 4 3 Penetration Max 1 | . . . . . . . . . . . . . . . . . . . . 1 1 1 1 Secondary Targets 7 | . . . . . . 1 . . . . 1 . . . . . . 2 2 . . . 1 Max Gunslinging Chain 1 | . . . . . . 1 . . . . 1 . . . . . . 1 1 . . . 1 Shots Hit Robots 475 | 2 39 . 28 5 27 44 2 23 1 11 24 3 3 3 1 24 13 80 22 24 25 22 49 Core Hits 237 | 3 22 . 11 2 6 10 5 12 1 17 15 1 . . . 11 8 42 12 10 15 15 19 Critical Kills 7 | . 1 . . 1 . . . . . . . . . . . . . . 2 . . 2 1 Critical Parts Destroyed 14 | . 1 . . . 3 2 . 2 . . . . . . . . . . . . 1 . 5 Critical Strikes 47 | . 3 . 2 1 3 4 . 2 . 1 5 . . . . 1 . 6 4 3 2 4 6 Burn 2 | . . . . . . 2 . . . . . . . . . . . . . . . . . Destroy 15 | . . . . . . 2 . . . . . . . . . . . . 2 1 1 3 6 Corrupt 3 | . 1 . 2 . . . . . . . . . . . . . . . . . . . . Smash 8 | . 2 . . 1 3 . . 2 . . . . . . . . . . . . . . . Impale 5 | . . . . . . . . . . 1 3 . . . . . . . . . . 1 . Intensify 14 | . . . . . . . . . . . 2 . . . . 1 . 6 2 2 1 . . Melee Attacks 474 | . 15 2 325 6 18 . 1 13 1 4 20 12 3 . 2 1 . . . . . 45 6 Impact 380 | . 15 2 325 6 18 . 1 13 . . . . . . . . . . . . . . . Slashing . | . . . . . . . . . . . . . . . . . . . . . . . . Piercing 94 | . . . . . . . . . 1 4 20 12 3 . 2 1 . . . . . 45 6 Sneak Attacks 30 | . 5 . 2 1 18 . . 1 . . 2 . . . . . . . . . . 1 . Combat Hostiles . | . . . . . . . . . . . . . . . . . . . . . . . . Follow-up Attacks . | . . . . . . . . . . . . . . . . . . . . . . . . Damage Inflicted 19202 | 43 1336 . 394 161 1459 862 274 1126 58 3026 1396 99 33 69 109 765 493 2904 770 805 653 737 1630 Guns 11245 | 43 407 . 334 66 38 862 38 199 . 23 396 99 33 69 99 765 462 2904 770 805 653 550 1630 Cannons . | . . . . . . . . . . . . . . . . . . . . . . . . Explosions 4422 | . 545 . 60 . . . 236 152 . 2817 581 . . . . . 31 . . . . . . Melee 3525 | . 384 . . 95 1421 . . 775 58 186 419 . . . . . . . . . . 187 . Ramming 10 | . . . . . . . . . . . . . . . 10 . . . . . . . . Kinetic 4230 | . . . 196 . . 392 38 199 . 23 . . . . . . . . 305 310 587 550 1630 Thermal 2380 | . 260 . . . . 470 . . . 1650 . . . . . . . . . . . . . Explosive 2481 | . 285 . 60 . . . 236 152 . 1167 581 . . . . . . . . . . . . Electromagnetic 723 | 43 407 . 138 66 38 . . . . . . . . . . . 31 . . . . . . Impact 2675 | . 384 . . 95 1421 . . 775 . . . . . . . . . . . . . . . Slashing . | . . . . . . . . . . . . . . . . . . . . . . . . Piercing 850 | . . . . . . . . . 58 186 419 . . . . . . . . . . 187 . Phasic 5853 | . . . . . . . . . . . 396 99 33 69 99 765 462 2904 465 495 66 . . Highest Corruption 10 | . . . . . 2 . . . . . . . . . . 2 . . . . 10 . 7 Average Corruption 5 | . . . . . 2 . . . . . . . . . . 2 . . . . 7 . 4 Corruption Purged . | . . . . . . . . . . . . . . . . . . . . . . . . Corruption Blocked . | . . . . . . . . . . . . . . . . . . . . . . . . Effects 13 | . . . . . . . . . . . . . . . . . . . . . 5 . 8 Message Errors 5 | . . . . . . . . . . . . . . . . . . . . . 3 . 2 Matter Fused 2 | . . . . . . . . . . . . . . . . . . . . . 1 . 1 Heat Flow Errors 2 | . . . . . . . . . . . . . . . . . . . . . . . 2 Energy Discharges 2 | . . . . . . . . . . . . . . . . . . . . . . . 2 Data Loss (minor) 1 | . . . . . . . . . . . . . . . . . . . . . . . 1 Weapon Failures 1 | . . . . . . . . . . . . . . . . . . . . . 1 . . Overload Shots 4 | . . . . . . . . . . 2 . . . . 2 . . . . . . . . Overflow Damage 1344 | . 121 . . . 458 . . 278 . 380 84 . . . . . . . . . . 23 . Projectiles . | . . . . . . . . . . . . . . . . . . . . . . . . Explosions 355 | . 10 . . . . . . . . 340 5 . . . . . . . . . . . . Melee 989 | . 111 . . . 458 . . 278 . 40 79 . . . . . . . . . . 23 . Knockbacks 10 | . 3 . . . 6 . . 1 . . . . . . . . . . . . . . . Impact 9 | . 2 . . . 6 . . 1 . . . . . . . . . . . . . . . Kinetic . | . . . . . . . . . . . . . . . . . . . . . . . . Secondary 1 | . 1 . . . . . . . . . . . . . . . . . . . . . . Self-Inflicted Damage 73 | . 25 . 6 . . . . . . 37 . . . . 5 . . . . . . . . Shots 4 | . 2 . 1 . . . . . . 1 . . . . . . . . . . . . . Rammed 1 | . . . . . . . . . . . . . . . 1 . . . . . . . . Targets Rammed 1 | . . . . . . . . . . . . . . . 1 . . . . . . . . Kicked . | . . . . . . . . . . . . . . . . . . . . . . . . Crushed . | . . . . . . . . . . . . . . . . . . . . . . . . Highest Temperature 385 | 36 126 . 11 2 24 385 . . . 206 235 40 8 40 225 120 . 23 . . . . 127 Average Temperature 51 | 18 39 . 2 2 15 168 . . . 56 46 19 6 13 36 33 . 8 . . . . 42 Received Heat Transfer 2165 | . 27 . 36 18 . 327 . . . 183 372 88 . 42 56 33 54 490 . 53 47 178 161 Siege Activations 3 | . . . . . . . . . . . . . . . . . . . . 2 1 . . Total Turns 82 | . . . . . . . . . . . . . . . . . . . . 35 47 . . Longest Duration 47 | . . . . . . . . . . . . . . . . . . . . 19 47 . . Robots Corrupted 10 | . 4 . . . 5 . . 1 . . . . . . . . . . . . . . . Combat Hostiles 3 | . 2 . . . . . . 1 . . . . . . . . . . . . . . . Parts Fried 13 | . 6 . . . 3 . . 4 . . . . . . . . . . . . . . . Impact Corruptions 29 | . 7 . . . 10 . . 12 . . . . . . . . . . . . . . . Robots Melted 2 | . . . . . . 2 . . . . . . . . . . . . . . . . . Combat Hostiles 2 | . . . . . . 2 . . . . . . . . . . . . . . . . . Parts Melted 6 | . . . . 2 . 3 . . . 1 . . . . . . . . . . . . . Heat Transferred 1507 | . 250 . . . . 1257 . . . . . . . . . . . . . . . . . Parts Sabotaged 1 | . . . . . . . . . . . . . . . . . . 1 . . . . . Parts Stolen . | . . . . . . . . . . . . . . . . . . . . . . . . Parts Stripped . | . . . . . . . . . . . . . . . . . . . . . . . . Power Chain Reactions 2 | . 2 . . . . . . . . . . . . . . . . . . . . . . Alert | -11 -10 -10 -10 -8 -8 -6 -6 -6 -6 -6 -5 -5 -5 -5 -5 -4 -4 -4 -4 -4 -4 -3 -3 ------- Run | Yrd Mat Min Sub Rec Scr Fac Low Low Zio Dee Pro Fac Upp Upp War Pro Fac Ext Cet Arc Hub Res Arm Peak Influence 1679 | 15 279 54 . 207 . 57 . . . . . 307 . . . . 685 1679 1246 555 154 185 223 Initial 1100 | . 9 54 . 2 . . . . . . . 2 . . . . 312 335 1100 418 . 66 39 Average 262 | 5 137 40 . 81 . 13 . . . . . 72 . . . . 367 894 1122 122 63 72 96 Maximum Alert Level 5 | . 1 . . 1 . . . . . . . 1 . . . . 2 5 4 2 . . 1 Low Security (%) 67 | 100 89 100 . 89 . 100 . . . . . 87 . . . . . . . 68 100 100 94 Level 1 12 | . 10 . . 10 . . . . . . . 12 . . . . 85 9 . 20 . . 5 Level 2 8 | . . . . . . . . . . . . . . . . . 15 36 . 10 . . . Level 3 5 | . . . . . . . . . . . . . . . . . . 21 49 . . . . Level 4 6 | . . . . . . . . . . . . . . . . . . 27 50 . . . . Level 5 . | . . . . . . . . . . . . . . . . . . . . . . . . High Security . | . . . . . . . . . . . . . . . . . . 5 . . . . . Max Security . | . . . . . . . . . . . . . . . . . . . . . . . . Squads Dispatched 26 | . 2 . . . . 1 . . . . . 1 . . . . 6 6 . . . 6 4 Investigation 7 | . 2 . . . . . . . . . . 1 . . . . . 2 . . . 2 . Extermination 5 | . . . . . . 1 . . . . . . . . . . 2 . . . . . 2 Reinforcement 10 | . . . . . . . . . . . . . . . . . 3 1 . . . 4 2 Assault 4 | . . . . . . . . . . . . . . . . . 1 3 . . . . . Garrison . | . . . . . . . . . . . . . . . . . . . . . . . . Intercept . | . . . . . . . . . . . . . . . . . . . . . . . . Searches Triggered . | . . . . . . . . . . . . . . . . . . . . . . . . Construction Impeded 1 | . . . . . . . . . . . . . . . . . 1 . . . . . . Haulers Reinforced 2 | . . . . . . . . . . . . . . . . . . . . . . 2 . Active Scanning Responses . | . . . . . . . . . . . . . . . . . . . . . . . . Cargo Convoy Interrupts . | . . . . . . . . . . . . . . . . . . . . . . . . Stealth | -11 -10 -10 -10 -8 -8 -6 -6 -6 -6 -6 -5 -5 -5 -5 -5 -4 -4 -4 -4 -4 -4 -3 -3 --------- Run | Yrd Mat Min Sub Rec Scr Fac Low Low Zio Dee Pro Fac Upp Upp War Pro Fac Ext Cet Arc Hub Res Arm Distress Signals 15 | . 1 . . . . . . . . . . . . . . . . 2 2 . 1 8 1 Communications Jammed 129 | . . . . . . . . . . . . . . . . . 5 11 . . 33 58 22 Distress Signals 119 | . . . . . . . . . . . . . . . . . . 11 . . 33 58 17 Times Spotted 311 | . 23 . 18 3 . 4 4 18 . 14 3 7 5 11 26 11 8 59 11 10 15 26 35 Peak Tracking Total 17 | . 3 . 3 2 . 3 4 5 . 4 3 3 3 9 6 2 4 8 5 1 5 4 17 Tactical Retreats 15 | . 3 . 1 . . . . . . . . . . 1 1 2 1 2 . . . 1 3 Traps | -11 -10 -10 -10 -8 -8 -6 -6 -6 -6 -6 -5 -5 -5 -5 -5 -4 -4 -4 -4 -4 -4 -3 -3 ------- Run | Yrd Mat Min Sub Rec Scr Fac Low Low Zio Dee Pro Fac Upp Upp War Pro Fac Ext Cet Arc Hub Res Arm Traps Triggered 16 | . 3 1 . . . . . . . . . . . . . . 2 5 . . . . 5 Indirectly 1 | . . . . . . . . . . . . . . . . . 1 . . . . . . Trap Hack Attempts . | . . . . . . . . . . . . . . . . . . . . . . . . Triggered . | . . . . . . . . . . . . . . . . . . . . . . . . Disarmed . | . . . . . . . . . . . . . . . . . . . . . . . . Reprogrammed . | . . . . . . . . . . . . . . . . . . . . . . . . Reused 3 | . . . . . . . . . . . . . . . . 2 . . . . 1 . . Traps Extracted . | . . . . . . . . . . . . . . . . . . . . . . . . Installed 3 | . . . . . . . . . . . . . . . . 2 . . . . 1 . . Triggered 12 | . . . . . . . . 1 . . . . . . 8 2 . . . . 1 . . Most Traps Carried 3 | . . . . . 3 3 3 3 3 3 3 3 3 3 3 3 1 1 1 1 1 . . Machines | -11 -10 -10 -10 -8 -8 -6 -6 -6 -6 -6 -5 -5 -5 -5 -5 -4 -4 -4 -4 -4 -4 -3 -3 ---------- Run | Yrd Mat Min Sub Rec Scr Fac Low Low Zio Dee Pro Fac Upp Upp War Pro Fac Ext Cet Arc Hub Res Arm Machines Disabled 31 | . 1 . 4 1 . . . . . 4 . 5 . . 1 . 2 3 . 3 6 . 1 Max in Single Turn 2 | . 1 . 1 1 . . . . . 2 . 1 . . 1 . 1 1 . 1 2 . 1 Garrison Access 3 | . . . . . . . . . . . . . . . . . 1 . . . 1 1 . Network Hub 1 | . . . . . . . . . . . . . . . . . . . . . 1 . . Machines Repaired . | . . . . . . . . . . . . . . . . . . . . . . . . Machines Dismantled . | . . . . . . . . . . . . . . . . . . . . . . . . Machines Sabotaged . | . . . . . . . . . . . . . . . . . . . . . . . . Overloaded Fab Kills . | . . . . . . . . . . . . . . . . . . . . . . . . Hacking | -11 -10 -10 -10 -8 -8 -6 -6 -6 -6 -6 -5 -5 -5 -5 -5 -4 -4 -4 -4 -4 -4 -3 -3 --------- Run | Yrd Mat Min Sub Rec Scr Fac Low Low Zio Dee Pro Fac Upp Upp War Pro Fac Ext Cet Arc Hub Res Arm Machines Accessed 59 | . 8 1 . 11 6 4 1 1 . . . 2 3 . 1 1 1 9 2 . 1 3 4 Terminals 34 | . 6 . . 6 . 2 . . . . . 1 . . . 1 1 9 2 . . 2 4 Fabricators 1 | . . . . . . 1 . . . . . . . . . . . . . . . . . Repair Stations 1 | . 1 . . . . . . . . . . . . . . . . . . . . . . Recycling Units 7 | . 1 . . 5 . . . . . . . 1 . . . . . . . . . . . Scanalyzers 1 | . . . . . . 1 . . . . . . . . . . . . . . . . . Garrison Access 2 | . . . . . . . . . . . . . . . . . . . . . 1 1 . Total Hacks 172 | . 22 1 . 28 51 6 1 1 . . . 3 7 . 1 1 3 14 5 . 2 10 16 Successful 116 | . 13 1 . 20 51 4 1 1 . . . 1 7 . 1 1 1 4 2 . 1 3 4 Failed 56 | . 9 . . 8 . 2 . . . . . 2 . . . . 2 10 3 . 1 7 12 Catastrophic 12 | . 2 . . . . 1 . . . . . 1 . . . . . 3 . . . 3 2 Database Lockouts . | . . . . . . . . . . . . . . . . . . . . . . . . Manual 66 | . 18 . . 23 . 2 . . 4 . . 3 . . . 1 . 4 . . . 3 8 Terminals 85 | . 17 . . 17 . 3 . . . . . 1 . . . 1 3 14 5 . . 8 16 Fabricators 1 | . . . . . . 1 . . . . . . . . . . . . . . . . . Repair Stations 4 | . 4 . . . . . . . . . . . . . . . . . . . . . . Recycling Units 14 | . 1 . . 11 . . . . . . . 2 . . . . . . . . . . . Scanalyzers 2 | . . . . . . 2 . . . . . . . . . . . . . . . . . Garrison Access 4 | . . . . . . . . . . . . . . . . . . . . . 2 2 . Terminal Hacks 81 | . 2 1 . 2 51 1 1 1 . . . . 7 . 1 1 1 4 2 . . 2 4 Record 52 | . . . . . 43 1 . . . . . . 5 . . 1 . . 2 . . . . Robot Analysis 11 | . 2 . . 2 7 . . . . . . . . . . . . . . . . . . Open Door 11 | . . 1 . . . . 1 1 . . . . 2 . 1 . . 4 . . . . 1 Branch Access Points 1 | . . . . . . . . . . . . . . . . . . . . . . 1 . Unreport Threat 1 | . . . . . . . . . . . . . . . . . . . . . . . 1 Locate Traps 1 | . . . . . . . . . . . . . . . . . . . . . . 1 . Recall Extermination 1 | . . . . . . . . . . . . . . . . . . . . . . . 1 Recall Reinforcements 1 | . . . . . . . . . . . . . . . . . . . . . . . 1 Zone Layout 1 | . . . . . . . . . . . . . . . . . 1 . . . . . . Derelict Proto ID Bank 1 | . . . . . 1 . . . . . . . . . . . . . . . . . . Fabricator Hacks 1 | . . . . . . 1 . . . . . . . . . . . . . . . . . Network Status 1 | . . . . . . 1 . . . . . . . . . . . . . . . . . Repair Station Hacks 3 | . 3 . . . . . . . . . . . . . . . . . . . . . . Scan Component 2 | . 2 . . . . . . . . . . . . . . . . . . . . . . Repair 1 | . 1 . . . . . . . . . . . . . . . . . . . . . . Recycling Unit Hacks 4 | . . . . 4 . . . . . . . . . . . . . . . . . . . Retrieve Components 4 | . . . . 4 . . . . . . . . . . . . . . . . . . . Scanalyzer 2 | . . . . . . 2 . . . . . . . . . . . . . . . . . Insert Component 1 | . . . . . . 1 . . . . . . . . . . . . . . . . . Analyze 1 | . . . . . . 1 . . . . . . . . . . . . . . . . . Garrison Access Hacks 2 | . . . . . . . . . . . . . . . . . . . . . 1 1 . Seal Access 2 | . . . . . . . . . . . . . . . . . . . . . 1 1 . Unauthorized Hacks 23 | . 8 . . 14 . . . . . . . 1 . . . . . . . . . . . Terminals 18 | . 8 . . 10 . . . . . . . . . . . . . . . . . . . Botnet 7 | . 3 . . 4 . . . . . . . . . . . . . . . . . . . Skim 11 | . 5 . . 6 . . . . . . . . . . . . . . . . . . . Fabricators . | . . . . . . . . . . . . . . . . . . . . . . . . Repair Stations 1 | . . . . . . . . . . . . 1 . . . . . . . . . . . Recycling Units 4 | . . . . 4 . . . . . . . . . . . . . . . . . . . Tunnel 4 | . . . . 4 . . . . . . . . . . . . . . . . . . . Scrapoids 1 | . . . . . . . . . . . . 1 . . . . . . . . . . . Scanalyzers . | . . . . . . . . . . . . . . . . . . . . . . . . Garrison Access . | . . . . . . . . . . . . . . . . . . . . . . . . Data Cores Recovered . | . . . . . . . . . . . . . . . . . . . . . . . . Used . | . . . . . . . . . . . . . . . . . . . . . . . . Hacking Detections 30 | . 8 . . 4 . 4 . . . . . 1 . . . . 1 6 2 . . 2 2 Full Trace Events 2 | . . . . . . . . . . . . . . . . . . 2 . . . . . Feedback Events . | . . . . . . . . . . . . . . . . . . . . . . . . Feedback Blocked . | . . . . . . . . . . . . . . . . . . . . . . . . Robot Schematics Acquired . | . . . . . . . . . . . . . . . . . . . . . . . . Robots Built . | . . . . . . . . . . . . . . . . . . . . . . . . Authchips . | . . . . . . . . . . . . . . . . . . . . . . . . Time . | . . . . . . . . . . . . . . . . . . . . . . . . Total Robot Build Rating . | . . . . . . . . . . . . . . . . . . . . . . . . Part Schematics Acquired 1 | . . . . . . 1 . . . . . . . . . . . . . . . . . Parts Built . | . . . . . . . . . . . . . . . . . . . . . . . . Authchips . | . . . . . . . . . . . . . . . . . . . . . . . . Time . | . . . . . . . . . . . . . . . . . . . . . . . . Total Part Build Rating . | . . . . . . . . . . . . . . . . . . . . . . . . Parts Repaired 1 | . 1 . . . . . . . . . . . . . . . . . . . . . . Time 32 | . 32 . . . . . . . . . . . . . . . . . . . . . . Parts Recycled . | . . . . . . . . . . . . . . . . . . . . . . . . Recycled Matter . | . . . . . . . . . . . . . . . . . . . . . . . . Retrieved Matter . | . . . . . . . . . . . . . . . . . . . . . . . . Retrieved Components 9 | . . . . 9 . . . . . . . . . . . . . . . . . . . Parts Scanalyzed 1 | . . . . . . 1 . . . . . . . . . . . . . . . . . Part Schematics Acquired 1 | . . . . . . 1 . . . . . . . . . . . . . . . . . Parts Damaged . | . . . . . . . . . . . . . . . . . . . . . . . . Bothacking | -11 -10 -10 -10 -8 -8 -6 -6 -6 -6 -6 -5 -5 -5 -5 -5 -4 -4 -4 -4 -4 -4 -3 -3 ------------ Run | Yrd Mat Min Sub Rec Scr Fac Low Low Zio Dee Pro Fac Upp Upp War Pro Fac Ext Cet Arc Hub Res Arm Used RIF Installer . | . . . . . . . . . . . . . . . . . . . . . . . . Robots Hacked . | . . . . . . . . . . . . . . . . . . . . . . . . Non-combat . | . . . . . . . . . . . . . . . . . . . . . . . . Combat . | . . . . . . . . . . . . . . . . . . . . . . . . Robot Hacks Applied . | . . . . . . . . . . . . . . . . . . . . . . . . Relay Couplers Released 5 | . . . . . . . . . . . . . . . . . 4 . . . 1 . . Machine Destruction 5 | . . . . . . . . . . . . . . . . . 4 . . . 1 . . Fabnet Peak Effective % . | . . . . . . . . . . . . . . . . . . . . . . . . Robots Rewired 15 | . . . . . . . . . . . . . . 2 5 . . 8 . . . . . Allies Hacked . | . . . . . . . . . . . . . . . . . . . . . . . . Hacks Repelled 1 | . . . . . . . . . . . . . 1 . . . . . . . . . . Allies | -11 -10 -10 -10 -8 -8 -6 -6 -6 -6 -6 -5 -5 -5 -5 -5 -4 -4 -4 -4 -4 -4 -3 -3 -------- Run | Yrd Mat Min Sub Rec Scr Fac Low Low Zio Dee Pro Fac Upp Upp War Pro Fac Ext Cet Arc Hub Res Arm Total Allies 71 | . . 3 10 . . . . 11 . . . 5 7 4 5 6 7 13 . . . . . Largest Group 13 | . . 3 10 10 9 . . 7 5 5 2 5 11 11 13 4 4 11 7 1 . . . Highest-Rated Group 705 | . . 40 190 190 171 . . 397 303 303 98 235 592 598 705 324 318 468 335 44 . . . Highest-Rated Ally 81 | . . 16 19 19 19 . . 81 81 81 51 47 81 81 81 81 81 51 51 44 . . . Total Orders 11 | . . . . . . . . . . . 5 . . 2 2 . 1 . . . . 1 . STAY 2 | . . . . . . . . . . . . . . 1 1 . . . . . . . . FOLLOW 3 | . . . . . . . . . . . 1 . . 1 1 . . . . . . . . EXPLORE 3 | . . . . . . . . . . . 3 . . . . . . . . . . . . RETURN 3 | . . . . . . . . . . . 1 . . . . . 1 . . . . 1 . Ally Attacks 757 | . . . 63 19 . . . 52 . 68 27 36 29 62 77 47 62 160 49 6 . . . Total Damage 19968 | . . . 899 347 . . . 2509 . 1308 530 711 818 2577 2777 1108 1356 3826 1078 124 . . . Kills 148 | . . . 14 2 . . . 20 . 12 1 6 7 17 20 4 6 31 6 2 . . . Allies Corrupted 5 | . . . . . 5 . . . . . . . . . . . . . . . . . . Allies Melted 2 | . . . . . . . . . . . . . . 1 1 . . . . . . . . Intel | -11 -10 -10 -10 -8 -8 -6 -6 -6 -6 -6 -5 -5 -5 -5 -5 -4 -4 -4 -4 -4 -4 -3 -3 ------- Run | Yrd Mat Min Sub Rec Scr Fac Low Low Zio Dee Pro Fac Upp Upp War Pro Fac Ext Cet Arc Hub Res Arm Robot Analysis Total 11 | . 2 . . 2 7 . . . . . . . . . . . . . . . . . . Derelict Logs Recovered 17 | . . 1 . . 5 . 1 2 1 . 3 . 2 . . 2 . . . . . . . Drone Launches 5 | . . . . . . . . . . . 3 . . . . . 1 . . . . 1 . Drone Recoveries 3 | . . . . . . . . . . . 1 . . . . . 1 . . . . 1 . Exploration | -11 -10 -10 -10 -8 -8 -6 -6 -6 -6 -6 -5 -5 -5 -5 -5 -4 -4 -4 -4 -4 -4 -3 -3 ------------- Run | Yrd Mat Min Sub Rec Scr Fac Low Low Zio Dee Pro Fac Upp Upp War Pro Fac Ext Cet Arc Hub Res Arm Turns Passed 55934 | 119 1088 459 16687 768 9528 817 470 2546 1654 3361 2733 393 1636 1342 567 2729 380 1559 767 3866 581 1300 584 Spaces Moved 30693 | 62 748 309 6389 378 9134 566 363 1679 1218 1569 1361 298 468 314 435 2171 223 1131 281 308 260 681 347 Core 367 | 4 . . . . 179 . . . . . . . . . . . . . . . . . 184 Treads 1655 | 58 51 . . . . . . . . . . . . . . . . . 134 308 260 681 163 Legs . | . . . . . . . . . . . . . . . . . . . . . . . . Wheels 25835 | . 697 309 6389 378 6154 566 363 1644 1218 1569 1361 298 468 314 435 2171 223 1131 147 . . . . Hover 398 | . . . . . 363 . . 35 . . . . . . . . . . . . . . . Flight 2438 | . . . . . 2438 . . . . . . . . . . . . . . . . . . Fastest Speed 32 | 50 90 120 120 120 32 122 122 122 130 130 120 100 100 100 100 100 100 100 100 160 160 160 50 Average Speed 116 | 155 118 120 120 120 100 122 122 140 132 131 129 100 100 100 100 100 100 100 172 202 172 160 125 Slowest Speed 2600 | 160 160 120 150 120 274 122 122 361 140 140 130 100 100 100 100 100 100 100 240 240 240 160 2600 Overloaded Moves . | . . . . . . . . . . . . . . . . . . . . . . . . Propulsion Burnouts . | . . . . . . . . . . . . . . . . . . . . . . . . Robots Hopped . | . . . . . . . . . . . . . . . . . . . . . . . . Cave-ins Triggered . | . . . . . . . . . . . . . . . . . . . . . . . . Exploration Rate (%) 58 | 6 95 59 98 95 95 9 49 77 82 72 93 10 37 33 66 89 7 97 68 92 17 23 39 Regions Visited 23 Branch Regions 18 Pre-discovered Areas 19 | . . 1 1 6 7 . . 1 2 . 1 . . . . . . . . . . . . Known Exits Taken 12 | . . 1 1 1 1 1 . . . . 1 1 1 . . 1 1 . . . 1 1 . Unknown Exits Taken 11 | 1 1 . . . . . 1 1 1 1 . . . 1 1 . . 1 1 1 . . . Scrap Searched 29 | . . 1 . . 7 . 1 3 5 . 5 . 2 2 . 3 . . . . . . . Spaces Dug 394 | . 12 . 240 . . . 1 2 . 18 20 8 3 13 11 15 6 1 . . 15 28 1 Terrain Destroyed 1031 | . 54 . 426 . . . 13 17 . 214 87 8 3 14 13 26 9 26 18 6 30 41 26 Melee 210 | . 3 . 161 . . . 1 2 . 1 3 8 2 . . . . . . . . 28 1 Projectile 207 | . . . . . . . . . . 6 20 . 1 14 13 26 9 26 18 6 30 13 25 AOE 614 | . 51 . 265 . . . 12 15 . 207 64 . . . . . . . . . . . . Terrain Rammed . | . . . . . . . . . . . . . . . . . . . . . . . . Walls Destroyed . | . . . . . . . . . . . . . . . . . . . . . . . . Machines Disabled . | . . . . . . . . . . . . . . . . . . . . . . . . Actions | -11 -10 -10 -10 -8 -8 -6 -6 -6 -6 -6 -5 -5 -5 -5 -5 -4 -4 -4 -4 -4 -4 -3 -3 --------- Run | Yrd Mat Min Sub Rec Scr Fac Low Low Zio Dee Pro Fac Upp Upp War Pro Fac Ext Cet Arc Hub Res Arm Total 49272 | 75 862 393 14734 675 9443 645 383 1838 1254 2824 2237 372 1626 1320 545 2664 351 1430 541 3522 333 787 418 Wait 16635 | 2 42 78 7903 282 114 30 6 59 7 1124 776 54 1131 930 39 427 102 107 208 3178 19 17 . Move 30670 | 61 747 308 6388 377 9133 565 362 1678 1217 1568 1360 297 467 313 434 2170 222 1130 280 307 259 680 347 Hop . | . . . . . . . . . . . . . . . . . . . . . . . . Pick Up 232 | 2 10 2 15 1 63 8 2 22 7 22 6 1 8 6 13 . 1 5 14 6 4 8 6 Fast Attach 51 | 7 1 1 . . 20 1 . 2 1 6 3 . . 1 1 1 . 1 1 . . 1 3 Attach 63 | . 2 . 1 . 6 8 . 5 3 2 4 3 1 1 2 1 2 5 4 2 4 3 4 Detach 22 | . . . . . 5 . . 2 . 4 4 . . . 1 . . 2 1 . 3 . . Swap 252 | . 5 1 16 4 18 8 6 20 10 41 27 1 9 9 8 25 8 9 3 4 7 8 5 Drop 201 | . 3 1 7 . 56 . 3 26 8 29 8 1 3 7 12 1 . 3 12 5 4 6 6 Fire 518 | 3 37 . 79 5 10 25 3 11 . 24 29 3 4 20 20 36 16 70 18 20 32 19 34 Melee 474 | . 15 2 325 6 18 . 1 13 1 4 20 12 3 . 2 1 . . . . . 45 6 Ram 1 | . . . . . . . . . . . . . . . 1 . . . . . . . . Kick . | . . . . . . . . . . . . . . . . . . . . . . . . Crush . | . . . . . . . . . . . . . . . . . . . . . . . . Escape Stasis 37 | . . . . . . . . . . . . . . . . . . 33 . . . . 4 Rewire 113 | . . . . . . . . . . . . . . 33 12 . . 65 . . . . 3 Trap 3 | . . . . . . . . . . . . . . . . 2 . . . . 1 . . Miscellaneous . | . . . . . . . . . . . . . . . . . . . . . . . . Route ------- -11/Scrapyard -10/Materials (discovered 5 exits: *Mat x3 / *Min / Sub) -10/Mines (discovered 3 exits: Mat x2 / *Sub) -10/Subcaves (discovered 3 exits: *Mat x2 / *Rec) -8/Recycling (discovered 2 exits: *Fac / *Scr) -8/Scraptown (discovered 2 exits: *Fac x2) -6/Factory (discovered 6 exits: Fac x4 / *Low x2) -6/Lower Caves -6/Lower Caves (discovered 2 exits: *Fac / *Zio) -6/Zion (discovered 2 exits: [*Dee] / *Pro) -6/Deep Caves -5/Proximity Caves -5/Factory (discovered 6 exits: Fac x4 / *Upp x2) -5/Upper Caves -5/Upper Caves (discovered 2 exits: Fac / *War) -5/Warlord -4/Proximity Caves -4/Factory (discovered 7 exits: Res x4 / Upp / *Ext x2) -4/Extension (discovered 2 exits: *Res / *Cet) -4/Cetus (discovered 2 exits: *Res / *Arc) -4/Archives (discovered 3 exits: *Res / *Hub x2) -4/Hub_04(d) -3/Research (discovered 4 exits: [*Res] / *Arm / Qua x2) -3/Armory History --------- Turn | Location | Event 2 | -11/Scrapyard | Met Revision 17 65 | -11/Scrapyard | Discovered new exit (range 15) 120 | -11/Scrapyard | Entered Materials 318 | -10/Materials | Build established: Mutant 396 | -10/Materials | Discovered new exit (range 12) 527 | -10/Materials | Discovered new exit (range 10) 727 | -10/Materials | Discovered new exit (range 15) 844 | -10/Materials | Discovered new exit (range 3) 921 | -10/Materials | Learned Storage trap positions 933 | -10/Materials | Repaired Arm. Wheel 977 | -10/Materials | Identified exit to Subcaves 1091 | -10/Materials | Learned location of 2 exits from Subcaves 1130 | -10/Materials | Learned location of 1 exit from Storage 1164 | -10/Materials | Learned location of 2 exits from Mines 1208 | -10/Materials | Entered Mines 1209 | -10/Mines | Identified exit to Materials 1214 | -10/Mines | Met a Derelict who couldn't figure out how to use a Trap Extractor 1337 | -10/Mines | Learned location of Zion (-6) 1357 | -10/Mines | Assembled infested the area 1362 | -10/Mines | Assisted by a Guerilla fighting off Assembled 1487 | -10/Mines | Received a Rocket Launcher from a helpful Derelict 1557 | -10/Mines | Assisted by bots powering up and referring to "LRC-V3" 1667 | -10/Mines | Entered Subcaves 1667 | -10/Subcaves | Accompanied by 3 allies 1668 | -10/Subcaves | Identified exit to Materials 1668 | -10/Subcaves | Identified exit to Recycling 1709 | -10/Subcaves | Shifting Twisted Machinery released Barrage Gun 1711 | -10/Subcaves | Shifting Twisted Machinery released Sub. Optics 1952 | -10/Subcaves | Met a Zionite searching for "candidates" 2129 | -10/Subcaves | Lost 3 allies 2172 | -10/Subcaves | Visited triangular shrine 2180 | -10/Subcaves | Found Prototype Device 2180 | -10/Subcaves | Identified V3-11A's Pendant 2185 | -10/Subcaves | Befriended Subdweller 2247 | -10/Subcaves | A swath of the cavern ceiling suddenly collapsed 2365 | -10/Subcaves | Shifting Twisted Machinery released Sub. Power Source 2367 | -10/Subcaves | Shifting Twisted Machinery released Battle Rifle 2625 | -10/Subcaves | Befriended Subdweller 2655 | -10/Subcaves | Befriended Subdweller 2761 | -10/Subcaves | Shifting Twisted Machinery released Sub. Monowheel 2765 | -10/Subcaves | Shifting Twisted Machinery released Battle Cannon 2970 | -10/Subcaves | Befriended Subdweller 3280 | -10/Subcaves | Befriended Subdweller 3280 | -10/Subcaves | Befriended Subdweller 4235 | -10/Subcaves | Befriended Subdweller 4242 | -10/Subcaves | Ambushed by Subdweller buried in earth 4250 | -10/Subcaves | Befriended Subdweller 7911 | -10/Subcaves | Ambushed by Subdweller buried in earth 7911 | -10/Subcaves | Ambushed by Subdweller buried in earth 13893 | -10/Subcaves | Ambushed by Subdweller buried in earth 13934 | -10/Subcaves | Ambushed by Subdweller buried in earth 13936 | -10/Subcaves | Befriended Subdweller 16303 | -10/Subcaves | Ambushed by Subdweller buried in earth 16347 | -10/Subcaves | Ambushed by Subdweller buried in earth 16351 | -10/Subcaves | Befriended Subdweller 16401 | -10/Subcaves | Ambushed by Subdweller buried in earth 18354 | -10/Subcaves | Entered Recycling 18354 | -8/Recycling | Accompanied by 10 allies 18537 | -8/Recycling | Discovered new exit (range 5) 18691 | -8/Recycling | Learned Storage stockpile data 18740 | -8/Recycling | Learned location of 3 exits from Factory 18807 | -8/Recycling | Learned Storage security intel 18826 | -8/Recycling | Learned location of 2 exits from Factory 18837 | -8/Recycling | Learned location of 2 exits from Factory 18858 | -8/Recycling | Identified exit to Scraptown 18889 | -8/Recycling | Learned location of Lower Caves (-7) 19054 | -8/Recycling | Scanned before Scraplab entrance 19072 | -8/Recycling | Entered Scraplab 19122 | -8/Recycling | Entered Scraptown 19122 | -8/Scraptown | Accompanied by 9 allies 19290 | -8/Scraptown | Visited UFD Registry 19290 | -8/Scraptown | Registered with UFD as "Hellforce" 19312 | -8/Scraptown | Visited Cave Peace 19350 | -8/Scraptown | Visited IN-MT5's Study 19386 | -8/Scraptown | Visited Cyclists 19407 | -8/Scraptown | Entered Cyclist Reading Room 19444 | -8/Scraptown | Visited Red Mages 19476 | -8/Scraptown | Visited Assassins FH 19511 | -8/Scraptown | Visited Shadow of the Wyrm 19532 | -8/Scraptown | Visited SPCMW 19582 | -8/Scraptown | Delivered V3-11A's Pendant to T0-NE2 in exchange for information 19734 | -8/Scraptown | Discovered new exit (range 11) 19914 | -8/Scraptown | Visited Scrapoid Pod Storage 19932 | -8/Scraptown | Visited DA-N13 Charitable Foundation 19937 | -8/Scraptown | Found DCF Scrap (30 items) 20004 | -8/Scraptown | Delivered Scrap Shield to a Scientist 20073 | -8/Scraptown | Visited Research Penetration Think Tank 20159 | -8/Scraptown | Visited Analyses Database 20187 | -8/Scraptown | Visited Cartography Club 20208 | -8/Scraptown | Visited A0-MCA Data Center 20234 | -8/Scraptown | Visited Curators Association 20256 | -8/Scraptown | Visited Junk Repository 20397 | -8/Scraptown | Released all parts (7) 20417 | -8/Scraptown | System corruption cleaned by C-Scrubber 21295 | -8/Scraptown | Found Surveybot 17 Chip 21310 | -8/Scraptown | Learned location of Proximity Caves (-5) 21310 | -8/Scraptown | Learned location of Hub_04(d) (-4) 21310 | -8/Scraptown | Learned location of Testing (-2) 21310 | -8/Scraptown | Learned 4 Recycling zone layouts 21310 | -8/Scraptown | Learned 16 Lower Caves zone layouts 21310 | -8/Scraptown | Learned 8 Upper Caves zone layouts 21310 | -8/Scraptown | Learned 4 Hub_04(d) zone layouts 21310 | -8/Scraptown | Learned 4 Armory zone layouts 21310 | -8/Scraptown | Learned Materials emergency access door positions 21310 | -8/Scraptown | Learned location of 1 exit from Factory 21310 | -8/Scraptown | Learned location of 2 exits from Factory 21310 | -8/Scraptown | Learned location of 3 exits from Factory 21310 | -8/Scraptown | Identified exit to Factory 21317 | -8/Scraptown | Found Deep Structural Scanner 21462 | -8/Scraptown | Visited Science Guys 22065 | -8/Scraptown | Given an A+ rating by A0-MCA 22215 | -8/Scraptown | Murdered 3 allies 22287 | -8/Scraptown | Murdered 4 allies 22683 | -8/Scraptown | Scanned Subdweller tech in exchange for log data 22685 | -8/Scraptown | Learned location of Extension (-4) 22688 | -8/Scraptown | Learned Research terminal intel 22690 | -8/Scraptown | Learned Research stockpile data 22836 | -8/Scraptown | Visited Infowarlord's Domain 22844 | -8/Scraptown | Found Exp. Terrain Scanner 22906 | -8/Scraptown | Found A0-MCA's Component Scanner 26762 | -8/Scraptown | Found Scrapoid Pod 27788 | -8/Scraptown | Found Scrap Suit 27791 | -8/Scraptown | Found Scrap Suit 28650 | -8/Scraptown | Entered Factory 28650 | -6/Factory | Evolved 8 slots: Power x1, Propulsion x1, Utility x6 28651 | -6/Factory | Identified exit to Lower Caves 28652 | -6/Factory | Identified exit to Factory 29146 | -6/Factory | Build established: Derelict-Mutant 29467 | -6/Factory | Entered Lower Caves 29469 | -6/Lower Caves | UFD Scientist delivered a prototype 29477 | -6/Lower Caves | Found Prototype Protection 29678 | -6/Lower Caves | Learned location of 1 exit from Factory 29682 | -6/Lower Caves | Build established: Mutant 29864 | -6/Lower Caves | Discovered new exit (range 9) 29937 | -6/Lower Caves | Entered another Lower Caves area 29975 | -6/Lower Caves | Learned Factory terminal intel 30112 | -6/Lower Caves | Prototype Device suddenly appears! 30123 | -6/Lower Caves | Found Prototype Device 30145 | -6/Lower Caves | Identified Amulet of Y3-NDR 30190 | -6/Lower Caves | Joined by bewildered Wizard 30200 | -6/Lower Caves | Joined by bewildered Wizard 30201 | -6/Lower Caves | Joined by bewildered Wizard 30202 | -6/Lower Caves | Joined by bewildered Wizard 30243 | -6/Lower Caves | Discovered exit to Factory (range 8) 30576 | -6/Lower Caves | Lost 4 allies 30591 | -6/Lower Caves | Joined by bewildered Wizard 30591 | -6/Lower Caves | Joined by bewildered Wizard 30851 | -6/Lower Caves | Scrapoid Pod released 06L05-D (x5) 31193 | -6/Lower Caves | Identified Enh. Scrap Shield 32208 | -6/Lower Caves | Discovered new exit (range 15) 32424 | -6/Lower Caves | Found Scrap Suit 32483 | -6/Lower Caves | Entered Zion 32483 | -6/Zion | Accompanied by 5 allies 32484 | -6/Zion | Identified exit to Proximity Caves 32611 | -6/Zion | Acquired unknown access codes intercepted by a Zionite 32711 | -6/Zion | Build established: Scavenger-Mutant 32821 | -6/Zion | Visited the Megawrench Repair Shop 32879 | -6/Zion | Learned location of 1 exit from Factory 33051 | -6/Zion | Learned location of Warlord (-5) 33137 | -6/Zion | Given the Hacking Drone Bay 33355 | -6/Zion | Build established: Mutant 33584 | -6/Zion | Found CR-A16's Pointy Stick 33691 | -6/Zion | Found Prototype Device 33711 | -6/Zion | Identified Hacking Drone Bay 33870 | -6/Zion | Build established: Derelict-Mutant 33945 | -6/Zion | Megawrench repaired 11 parts 34099 | -6/Zion | Opened final containment barrier to the Deep Caves 34124 | -6/Zion | Discovered new exit (range 3) 34124 | -6/Zion | Saw the warning signs outside the Deep Caves entrance 34137 | -6/Zion | Entered Deep Caves 34137 | -6/Deep Caves | Accompanied by 5 allies 34256 | -6/Deep Caves | Build established: Mutant 34369 | -6/Deep Caves | Attacked by Z-Imprinter 34389 | -6/Deep Caves | Destroyed Z-Imprinter 34416 | -6/Deep Caves | Lost 3 allies 34555 | -6/Deep Caves | Z-Facility disabled 34642 | -6/Deep Caves | Found Prototype Protection 34642 | -6/Deep Caves | Identified Zio. Weapon Casing 34781 | -6/Deep Caves | Build established: Scavenger-Mutant 34970 | -6/Deep Caves | Discovered new exit (range 7) 36599 | -6/Deep Caves | Build established: Scavenger-Scrapper 36832 | -6/Deep Caves | Found Prototype Protection 36832 | -6/Deep Caves | Identified Zio. Heavy Carapace 37204 | -6/Deep Caves | Found Zio. Weapon Casing 37312 | -6/Deep Caves | Found Zio. Weapon Casing 37361 | -6/Deep Caves | Found Zio. Weapon Casing 37498 | -6/Deep Caves | Entered Proximity Caves 37498 | -5/Proximity Caves | Accompanied by 2 allies 37633 | -5/Proximity Caves | Learned Factory terminal intel 37637 | -5/Proximity Caves | Build established: Mutant 37739 | -5/Proximity Caves | Learned Factory interactive machine intel 38284 | -5/Proximity Caves | Discovered exit to Factory (range 68) 39502 | -5/Proximity Caves | Spotted B-75 Beast 39562 | -5/Proximity Caves | Revealed the true nature of CR-A16's Pointy Stick 39566 | -5/Proximity Caves | Destroyed B-75 Beast 40131 | -5/Proximity Caves | Found Scrap Suit 40231 | -5/Proximity Caves | Entered Factory 40231 | -5/Factory | Evolved 2 slots: Propulsion x1, Utility x1 40232 | -5/Factory | Identified exit to Factory 40232 | -5/Factory | Identified exit to Upper Caves 40233 | -5/Factory | Loaded intel: 52 interactive machine locations 40234 | -5/Factory | Loaded intel: 26 terminal locations 40526 | -5/Factory | Build established: Scavenger-Scrapper 40532 | -5/Factory | Scrapoids reinforcements arrived? 40624 | -5/Factory | Entered Upper Caves 40624 | -5/Upper Caves | Accompanied by 5 allies 40625 | -5/Upper Caves | Identified exit to Upper Caves 40783 | -5/Upper Caves | Joined by bewildered Wizard 40783 | -5/Upper Caves | Joined by bewildered Wizard 40783 | -5/Upper Caves | Joined by bewildered Wizard 40830 | -5/Upper Caves | Build established: Commander-Scrapper 40833 | -5/Upper Caves | Joined by bewildered Wizard 40863 | -5/Upper Caves | Learned Factory security intel 42000 | -5/Upper Caves | Joined by bewildered Wizard 42031 | -5/Upper Caves | A Commander dispatched an escort 42045 | -5/Upper Caves | Learned location of 1 exit from Factory 42045 | -5/Upper Caves | Learned Research emergency access door positions 42045 | -5/Upper Caves | Learned Extension stockpile data 42045 | -5/Upper Caves | Learned Extension security intel 42103 | -5/Upper Caves | Learned Factory security intel 42260 | -5/Upper Caves | Entered another Upper Caves area 42260 | -5/Upper Caves | Accompanied by 11 allies 42261 | -5/Upper Caves | Commander's escort returned to base 42261 | -5/Upper Caves | Commander's escort returned to base 42261 | -5/Upper Caves | Encountered a Warlord checkpoint 42448 | -5/Upper Caves | Discovered exit to Factory (range 26) 43243 | -5/Upper Caves | Discovered new exit (range 22) 43313 | -5/Upper Caves | Joined by bewildered Wizard 43314 | -5/Upper Caves | Joined by bewildered Wizard 43465 | -5/Upper Caves | Lost 3 allies 43602 | -5/Upper Caves | Entered Warlord 43602 | -5/Warlord | Accompanied by 8 allies 43660 | -5/Warlord | Warlord's base attacked by MAIN.C 43724 | -5/Warlord | Build established: Scavenger-Scrapper 43941 | -5/Warlord | Rebuked by Warlord 43970 | -5/Warlord | Found Vortex Chain Reactor 43977 | -5/Warlord | Found Ghost Barrier 43981 | -5/Warlord | Found Spectral Analyzer 43983 | -5/Warlord | Found Exp. Focal Shield 44010 | -5/Warlord | Warlord forces counterattacked 44064 | -5/Warlord | Spotted Striker 44071 | -5/Warlord | Build established: Commander-Scrapper 44090 | -5/Warlord | Lost 4 allies 44099 | -5/Warlord | Spotted Executioner 44111 | -5/Warlord | Allies destroyed Executioner 44132 | -5/Warlord | Found Exp. Core Analyzer 44141 | -5/Warlord | Discovered new exit (range 14) 44159 | -5/Warlord | Lost 7 allies 44160 | -5/Warlord | Spotted Executioner 44160 | -5/Warlord | Spotted B-86 Titan 44169 | -5/Warlord | Entered Proximity Caves 44169 | -4/Proximity Caves | Accompanied by 2 allies 44203 | -4/Proximity Caves | Lost 9 allies 44256 | -4/Proximity Caves | Joined by bewildered Wizard 44256 | -4/Proximity Caves | Joined by bewildered Wizard 44257 | -4/Proximity Caves | Joined by bewildered Wizard 44258 | -4/Proximity Caves | Joined by bewildered Wizard 44403 | -4/Proximity Caves | Spotter reported a threat 44480 | -4/Proximity Caves | Joined by bewildered Wizard 44480 | -4/Proximity Caves | Joined by bewildered Wizard 44510 | -4/Proximity Caves | Build established: Scrapper 44523 | -4/Proximity Caves | Spotter reported a threat 44841 | -4/Proximity Caves | Acquired the password to a Derelict Tinkerer's latest research 45417 | -4/Proximity Caves | Build established: Scavenger-Scrapper 45733 | -4/Proximity Caves | Build established: Scrapper 46206 | -4/Proximity Caves | Spotted B-86 Titan 46451 | -4/Proximity Caves | Destroyed B-86 Titan 46861 | -4/Proximity Caves | Learned Research trap positions 46898 | -4/Proximity Caves | Entered Factory 46898 | -4/Factory | Evolved 2 slots: Utility x2 46899 | -4/Factory | Identified exit to Extension 46900 | -4/Factory | Identified exit to Research 46900 | -4/Factory | Identified exit to Upper Caves 46902 | -4/Factory | Loaded intel: 28 terminal locations 46969 | -4/Factory | Joined by bewildered Wizard 47095 | -4/Factory | Build established: Scavenger-Scrapper 47152 | -4/Factory | Joined by bewildered Wizard 47154 | -4/Factory | Joined by bewildered Wizard 47182 | -4/Factory | Joined by bewildered Wizard 47183 | -4/Factory | Joined by bewildered Wizard 47278 | -4/Factory | Entered Extension 47278 | -4/Extension | Accompanied by 3 allies 47528 | -4/Extension | First assault squad dispatched 48065 | -4/Extension | Rescued a captive Derelict 48073 | -4/Extension | Rescued a captive Derelict 48219 | -4/Extension | Spotted B-86 Titan 48236 | -4/Extension | Allies destroyed B-86 Titan 48303 | -4/Extension | Build established: Commander-Scrapper 48408 | -4/Extension | Discovered new exit (range 15) 48409 | -4/Extension | Discovered exit to Research (range 15) 48470 | -4/Extension | Rescued a captive Derelict 48505 | -4/Extension | Rescued a captive Derelict 48633 | -4/Extension | Rescued a captive Derelict 48757 | -4/Extension | High security lockdown imminent 48837 | -4/Extension | High security lockdown engaged 48837 | -4/Extension | Entered Cetus 48837 | -4/Cetus | Accompanied by 7 allies 48849 | -4/Cetus | Spotted Cetus Guard 48849 | -4/Cetus | Spotted Cetus Guard 48853 | -4/Cetus | Spotted Cetus Guard 48862 | -4/Cetus | Destroyed Cetus Guard 48862 | -4/Cetus | Spotted Cetus Guard 48865 | -4/Cetus | Destroyed Cetus Guard 48871 | -4/Cetus | Destroyed Cetus Guard 48873 | -4/Cetus | Allies destroyed Cetus Guard 48899 | -4/Cetus | Lost 5 allies 48978 | -4/Cetus | Discovered new exit (range 16) 49004 | -4/Cetus | Spotted Cetus Guard 49004 | -4/Cetus | Spotted Cetus Guard 49009 | -4/Cetus | Spotted Cetus Guard 49011 | -4/Cetus | Destroyed Cetus Guard 49016 | -4/Cetus | Allies destroyed Cetus Guard 49017 | -4/Cetus | Spotted Cetus Guard 49029 | -4/Cetus | Destroyed Cetus Guard 49035 | -4/Cetus | Allies destroyed Cetus Guard 49044 | -4/Cetus | Discovered exit to Research (range 16) 49058 | -4/Cetus | Met Revision 17 49359 | -4/Cetus | Build established: Scavenger-Mutant 49587 | -4/Cetus | Security sweep announced 49604 | -4/Cetus | Entered Archives 49604 | -4/Archives | Accompanied by 1 ally 49841 | -4/Archives | Discovered new exit (range 16) 49870 | -4/Archives | Discovered exit to Research (range 16) 49946 | -4/Archives | Unable to access archive contents 52001 | -4/Archives | Discovered new exit (range 16) 53470 | -4/Archives | Entered Hub_04(d) 53914 | -4/Hub_04(d) | Network Hub disabled 53941 | -4/Hub_04(d) | Spotted Lightning 53941 | -4/Hub_04(d) | Spotted Lightning 53941 | -4/Hub_04(d) | Spotted Lightning 53969 | -4/Hub_04(d) | System corruption reached 10% 53977 | -4/Hub_04(d) | Destroyed Lightning 53992 | -4/Hub_04(d) | Destroyed Lightning 54005 | -4/Hub_04(d) | Found EMDS 54008 | -4/Hub_04(d) | Found Exp. EM Disruption Field 54014 | -4/Hub_04(d) | Found Exp. Targeting Computer 54051 | -4/Hub_04(d) | Entered Research 54051 | -3/Research | Evolved 2 slots: Utility x1, Weapon x1 54052 | -3/Research | Identified exit to Quarantine 54053 | -3/Research | Loaded intel: 71 trap records 54056 | -3/Research | Loaded intel: 23 terminal locations 54251 | -3/Research | Revision forces began assault on 0b10 54322 | -3/Research | Met up with Revision 17++ 54372 | -3/Research | Identified exit to Armory 54696 | -3/Research | Spotted B-86 Titan 54751 | -3/Research | Research terminal network offline 54965 | -3/Research | Discovered new exit (range 4) 55327 | -3/Research | Spotted Striker 55328 | -3/Research | Spotted Striker 55351 | -3/Research | Entered Armory 55517 | -3/Armory | Found Gamma Bomb Array 55836 | -3/Armory | Released all parts (10) 55857 | -3/Armory | Spotted B-86 Titan 55867 | -3/Armory | Lost 9 parts (2p1n4u2w) 55876 | -3/Armory | Core integrity fell below 50% 55898 | -3/Armory | Core integrity fell below 20% 55929 | -3/Armory | Spotted Armor Guard 55929 | -3/Armory | Spotted Armor Guard 55935 | -3/Armory | Destroyed by Armor Guard with Helical Railgun Last Messages --------------- 55878_ P-80 Master resets Y-72 Warden, system corruption cleaned. 55881_ Attempting to rewire I-47 Archangel. 55883_ Penetrated by Slug. 55883_ Attempting to rewire I-47 Archangel. 55884_ B-86 Titan activates siege mode. 55895_ System corrupted: Energy discharge (-33). 55904_ P-80 Master resets G-67 Veteran, system corruption cleaned. 55929_ Connecting with Door Terminal... >>Open(Door) Sealed Blast Doors opened. 55930_ Triggered Stasis Trap. 55930_ A bubble of rippling energy engulfs the area. 55930_ Field strength at 94. 55931_ Field strength at 88. 55932_ Field strength at 82. 55932_ Penetrated by Slug. 55932_ Slug penetrates Wall. 55933_ System corrupted: Heat flow error (+164). 55933_ Field strength at 53. 55934_ Field strength at 47. Map ----- +----------------------------------------------------+ | ?????????????????????????????????????????????????? | | ?????????????????????????????????????????????????? | | ?????????????????????????????????????????????????? | | ?????????????????????????????????????????????????? | | ?????????????????????????????????????????????????? | | ?????????????????????????????????????????????????? | | ?????????????????????????????????????????????????? | | ?????????????????????????????????????????????????? | | ?????????????????????????????????????????????????? | | ?????????????????????????????????????????????????? | | ?????????????????????????????????????????????????? | | ?????????????????????????????????????????????????? | | ?????????????????????????????????????????????????? | | ?????????????????????????????????????????????????? | | ?????????????????????????????????????????????????? | | ?????????????????????????????????????????????????? | | ?????????????????????????????????????????????????? | | ?????????????????????????????????????????????????? | | ?????????????????????????????????????????????????? | | ?????????????????????????????????????????????????? | | ?????????????????????????????????????????????????? | | ??????????????????????????????? #????????????????? | | ????????????????????########## ?????????????????? | | ????????????????????# ???????????????????? | | ????????????????????# Y ?????????????????????? | | ?????????????????????#Y @#??????????????????????? | | ?????????????????????# ##?????????????????????? | | ?????????????????????# T#?????????????????????? | | ?????????????????????# ##???? ???????????????? | | ?????????????????????# #????? ???????????????? | | ?????????????????????+ #????? ???????????????? | | ?????????????????????# #????? ???????????????? | | ?????????????????????# #????? ???????????????? | | ?????????????????????# ###### ???????????????? | | ?????????????????????# + ???????????????? | | ?????????????????????# # ???????????????? | | ?????????????????????# """ + ???????????????? | | ?????????????????????# "F" # ???????????????? | | ?????????????????????# " # ?????#?????????? | | ?????????????????????# """ # """" #?????????? | | ???????????????????### """ # #?????????? | | ??????????????????? "" # ????????????? | | ???????????????????""" + """" #?????????? | | ???????????????????"F # #?????????? | | ???????????????????""" #+#######?????????? | | ????????????????????"" ##??????????????? | | ????????????????????"" #??????????????? | | ????????????????????## """ #??????????????? | | ?????????????????????# """ #??????????????? | | ???????????????????### """ #??????????????? | +----------------------------------------------------+ Best States ------------- Heat Dissipation 92 Coolant Potential 80 Energy Generation 51 Energy Capacity 915 Matter Stores 300 Matter Capacity 300 Sight Range 16 Robot Scan Range 16 Terrain Scan Range 30 Terrain Scan Density 10 Jamming Range 16 Cloak Strength 4 Additional Mass Support 6 Base Temperature (-) 150 Armor Coverage 2050 Resistance: KI 30 Resistance: TH 30 Utility Shielding 15 Weapon Shielding 100 Phase Shifting 10 Evasion (%) 63 Targeting Accuracy 12 Melee Accuracy 8 Target Analysis 8 Core Analysis 8 Recoil Reduction 4 Offensive Hacking 12 Defensive Hacking 32 Trap Extractor Capacity 6 Item Schematics ----------------- CPS Tube | -6/Factory | Scanalyzed Robot Schematics ------------------ None Fabricated ------------ Nothing Alien Tech Used ----------------- None Achievements -------------- None Challenges ------------ None Game ------ Seed PhasingSurveybotSpoofer Manual? 0 Play Time 06:28:13 Cumulative 299.1 hours Start 2024.10.03 @ 20:59:06 End 2024.10.05 @ 01:59:14 Sessions 9 Manual Loads 0 Difficulty Rogue Special Mode None Game No. 235 Rogue 235 Adventurer 0 Explorer 0 Win Type - Total 2 Types 1/0/0/1/0/0/0/0/0 Lore% 74 Gallery% 78 Achievement% 58 Wizard Run 0 Options --------- Layout 2 ASCII 0 Keyboard 1 Movement Vi Keybinds 0 Fullscreen 1 Font 32/SmallcapsGlow Map View 77x44 Zoom Use 0% Tactical HUD 1 Map Filters NONE Filters NONE Steam 1 RUN: 63cad043-ed32-4d35-847a-27265267f494